 Dungeon Crawl Stone Soup version 0.20.1-1-g8b1a95d (webtiles) character file.

201 BingusPrime the Ducker (level 5, -4/28 HPs)
             Began as a Spriggan Abyssal Knight on Nov 27, 2017.
             Was a Believer of Lugonu.
             Slain by Grinder (7 damage)
             ... on level 4 of the Dungeon.
             The game lasted 00:14:25 (2464 turns).

BingusPrime the Ducker (Spriggan Abyssal Knight)    Turns: 2464, Time: 00:14:25

Health: -4/28      AC:  2    Str:  8    XL:     5   Next: 50%
Magic:  6/7        EV: 20    Int: 14    God:    Lugonu [**....]
Gold:   180        SH:  0    Dex: 16    Spells: 4/4 levels left

rFire    . . .     SeeInvis +   a - +3 short sword
rCold    + . .     Gourm    .   (shield restricted)
rNeg     . . .     Faith    .   b - +0 robe
rPois    .         Spirit   .   (helmet restricted)
rElec    .         Reflect  .   (no cloak)
rCorr    .         Harm     .   (gloves unavailable)
MR       .....                  (boots unavailable)
Stlth    ++........             (no amulet)
Regen    0.1/turn               m - ring of protection from cold
MPRegen  0.1/turn               (no ring)

@: very quick
A: unfitting armour, see invisible, herbivore 3, speed 3, slow metabolism 2
a: Depart the Abyss, Bend Space, Renounce Religion


You were on level 4 of the Dungeon.
You worshipped Lugonu.
Lugonu was pleased with you.
You were not hungry.

You visited 1 branch of the dungeon, and saw 5 of its levels.
You visited the Abyss 1 time.

You collected 180 gold pieces.

Inventory:

Hand Weapons
 a - a +3 short sword (weapon)
 e - a +0 hunting sling
Missiles
 j - 43 stones (quivered)
Armour
 b - a +0 robe (worn)
Jewellery
 m - a ring of protection from cold (left hand)
Scrolls
 i - a scroll of enchant weapon
 k - 2 scrolls of teleportation {unknown}
 l - a scroll of blinking {unknown}
 o - a scroll of recharging {unknown}
 p - a scroll of remove curse {unknown}
Potions
 f - a potion of haste
 g - a potion of mutation {unknown}
 n - a potion of ambrosia {unknown}
Comestibles
 c - 2 bread rations
 d - 2 fruits
 h - a royal jelly


   Skills:
 + Level 3.3 Fighting
 + Level 4.4 Short Blades
 + Level 0.2 Slings
 + Level 4.8 Dodging
 + Level 1.9 Stealth
 + Level 2.1 Invocations


You had 4 spell levels left.
You didn't know any spells.

Dungeon Overview and Level Annotations

Branches:
Dungeon (5/15)             Temple (0/1) D:4

Altars:
Elyvilon

Annotations:
D:2 Natasha
D:3 Sigmund
D:4 Grinder, Menkaure


Innate Abilities, Weirdness & Mutations

You are very small and have problems with some larger weapons.
You are too small for most types of armour.
You have supernaturally acute eyesight. (SInv)
You are a herbivore.
You cover ground extremely quickly.
You need consume almost no food.


Message History

Space bends around you!
You blink.
You feel sick.
The frilled lizard hisses angrily.
Menkaure gestures wildly while chanting.
Menkaure seems to speed up.
You feel sick.
You are no longer poisoned.
Grinder comes into view.
Grinder shouts!
Grinder gestures at you.
You suddenly lose the ability to move!
Grinder gestures at you. You resist with some effort.
The hound skeleton completely misses you.
You can move again.
You closely miss Grinder. The hound skeleton misses you.
Grinder gestures at you.
You shrug off the repeated paralysis!
Grinder hits you!
You die...

### #≈≈...≈≈
#####...##
###.........
##.........#.
###........####
###.......####
###.......###
##...ZSSl..#
#..@5..#...#
.........####..#
.......### ####
....... .......
....... ......#
.....#


You could see Grinder, an adder, a ball python, a frilled lizard and a hound
skeleton.

Vanquished Creatures
  A bullfrog (D:3)
  A scorpion (D:3)
  Jessica (D:2)
  3 adders
  An ooze (D:1)
  A dart slug (D:3)
  A leopard gecko (D:2)
  An orc (D:3)
  4 giant cockroaches
  7 goblins
  2 hobgoblins
  4 bats
  3 frilled lizards
  2 kobolds (D:1)
  3 rats
35 creatures vanquished.

Vanquished Creatures (others)
  A quokka (D:4)
1 creature vanquished.

Grand Total: 36 creatures vanquished

Notes
Turn   | Place    | Note
-------+----------+-------------------------------------------
     0 | Abyss:1  | BingusPrime the Spriggan Abyssal Knight began the quest for the Orb.
     0 | Abyss:1  | Reached XP level 1. HP: 11/11 MP: 3/3
    12 | D:1      | Escaped the Abyss
   204 | D:1      | Reached XP level 2. HP: 7/16 MP: 4/4
   863 | D:2      | Noticed Natasha
   949 | D:2      | Noticed Jessica
   958 | D:2      | Killed Jessica
   958 | D:2      | Reached skill level 1 in Stealth
   958 | D:2      | Reached XP level 3. HP: 19/19 MP: 5/5
   974 | D:2      | Reached ** piety under Lugonu
  1066 | D:3      | Noticed a scorpion
  1101 | D:3      | Killed a scorpion
  1101 | D:3      | Reached XP level 4. HP: 13/24 MP: 6/6
  1333 | D:3      | Noticed a bullfrog
  1339 | D:3      | Killed a bullfrog
  1339 | D:3      | Reached XP level 5. HP: 22/28 MP: 7/7
  1998 | D:3      | Noticed Sigmund
  2015 | D:4      | Noticed Menkaure
  2021 | D:4      | Found a staircase to the Ecumenical Temple.
  2229 | D:5      | Entered Level 5 of the Dungeon
  2229 | D:5      | Noticed a centaur
  2378 | D:4      | Noticed a sky beast
  2397 | D:4      | Found a white marble altar of Elyvilon.
  2455 | D:4      | Noticed Grinder
  2456 | D:4      | Paralysed by Grinder for 4 turns
  2464 | D:4      | Slain by Grinder

Skill      XL: |  1  2  3  4 |
---------------+-------------+-----
Dodging        | 4 |  4.8
Invocations    | 2 |  2.1
Stealth        | 1 |  1.9
Fighting       | 3 |  3.3
Short Blades   | 3 4 |  4.4
Slings         | |  0.2

Action                   |  1- 3 |  4- 6 || total
-------------------------+-------+-------++-------
Melee: Short sword       |    88 |    39 ||   127
 Fire: Hunting sling     |       |     7 ||     7
Invok: Bend Space        |       |     2 ||     2
  Use: Scroll            |     3 |     1 ||     4
       Potion            |       |     2 ||     2
 Stab: Sleeping          |     1 |     1 ||     2
Armor: Robe              |     6 |     2 ||     8
Dodge: Dodged            |    70 |    52 ||   122
